PCL
VANCOUVER VIPERS @ MEXICO CITY CERVECEROS
06/09/2028
 
TOP OF THE 1ST
Vancouver Vipers batting - Pitching for Mexico City Cerveceros : RHP Josh Schmitt
Pitching: RHP Josh Schmitt
Batting: RHB Quincy Vance 0-0: Called Strike
0-1: Ball
1-1: Ball
2-1: Called Strike
2-2: Foul Ball, location: 2F
2-2: Strikes out looking
Batting: LHB Brian Ford 0-0: Ball
1-0: Called Strike
1-1: Foul Ball, location: 2F
1-2: Ground out 6-3 (Groundball, 6M)
Batting: RHB Daniel Robert 0-0: Called Strike
0-1: Ground out 6-3 (Groundball, 6)
Top of the 1st over - 0 run(s), 0 hit(s), 0 error(s), 0 left on base; Vancouver 0 - Mexico City 0
BOTTOM OF THE 1ST
Mexico City Cerveceros batting - Pitching for Vancouver Vipers : RHP Don Barnes
Pitching: RHP Don Barnes
Batting: RHB Murai Ishihara 0-0: Foul Ball, location: 2F
0-1: SINGLE (Line Drive, 9LM)
Batting: LHB John Nicholson 0-0: Called Strike
0-1: Ball
1-1: Foul Ball, location: 2F
1-2: Ball
2-2: Foul Ball, location: 2F
2-2: Foul Ball, location: 2F
2-2: Foul Ball, location: 2F
2-2: Foul Ball, location: 2F
2-2: Strikes out swinging
Murai Ishihara steals 2nd base
Batter strikes out.
Batting: LHB Brandon Cummings 0-0: Swinging Strike
0-1: 2-RUN HOME RUN (Flyball, 8RXD), Distance : 438 ft
Batting: LHB Gary Kern 0-0: Called Strike
0-1: Ball
1-1: Called Strike
1-2: Strikes out looking
Batting: RHB Robinson Pacheco 0-0: Ball
1-0: Ball
2-0: Ball
3-0: Foul Ball, location: 2F
3-1: Called Strike
3-2: Base on Balls
Batting: RHB Collin Smith 0-0: Ball
1-0: Called Strike
1-1: Ball
2-1: Swinging Strike
2-2: Foul Ball, location: 2F
2-2: Foul Ball, location: 2F
2-2: Ball
3-2: Strikes out looking
Bottom of the 1st over - 2 run(s), 2 hit(s), 0 error(s), 1 left on base; Vancouver 0 - Mexico City 2
TOP OF THE 2ND
Vancouver Vipers batting - Pitching for Mexico City Cerveceros : RHP Josh Schmitt
Batting: LHB Nick English 0-0: Called Strike
0-1: Foul Ball, location: 2F
0-2: Foul Ball, location: 2F
0-2: Ball
1-2: Strikes out swinging
Batting: LHB Katsumi Morishita 0-0: Ball
1-0: Ball
2-0: Ball
3-0: Called Strike
3-1: Ground out 4-3 (Groundball, 4)
Batting: SHB Henry Copeland 0-0: Ground out 6-3 (Groundball, 6M)
Top of the 2nd over - 0 run(s), 0 hit(s), 0 error(s), 0 left on base; Vancouver 0 - Mexico City 2
BOTTOM OF THE 2ND
Mexico City Cerveceros batting - Pitching for Vancouver Vipers : RHP Don Barnes
Batting: RHB Claudio Souza 0-0: Called Strike
0-1: Ball
1-1: Ball
2-1: Called Strike
2-2: Ball
3-2: Foul Ball, location: 2F
3-2: Strikes out swinging
Batting: LHB Don Soper 0-0: Called Strike
0-1: Ball
1-1: Fly out, F9 (Line Drive, 9D)
Batting: SHB Scott Compton 0-0: Ball
1-0: Ground out 4-3 (Groundball, 4)
Bottom of the 2nd over - 0 run(s), 0 hit(s), 0 error(s), 0 left on base; Vancouver 0 - Mexico City 2
TOP OF THE 3RD
Vancouver Vipers batting - Pitching for Mexico City Cerveceros : RHP Josh Schmitt
Batting: RHB Ryan Parrish 0-0: Foul Ball, location: 2F
0-1: Ball
1-1: Foul Ball, location: 2F
1-2: Ball
2-2: Strikes out swinging
Batting: RHB Salvador Medine 0-0: Ball
1-0: Ball
2-0: Called Strike
2-1: Foul Ball, location: 2F
2-2: Foul Ball, location: 2F
2-2: Ground out 4-3 (Groundball, 34)
Batting: RHB Axel Guimont 0-0: Swinging Strike
0-1: Called Strike
0-2: Fly out, F9 (Flyball, 9)
Top of the 3rd over - 0 run(s), 0 hit(s), 0 error(s), 0 left on base; Vancouver 0 - Mexico City 2
BOTTOM OF THE 3RD
Mexico City Cerveceros batting - Pitching for Vancouver Vipers : RHP Don Barnes
Batting: RHB Murai Ishihara 0-0: Ball
1-0: Ball
2-0: Called Strike
2-1: Fly out, F6 (Line Drive, 56D)
Batting: LHB John Nicholson 0-0: Swinging Strike
0-1: Fly out, F7 (Flyball, 78M)
Batting: LHB Brandon Cummings 0-0: Called Strike
0-1: SINGLE (Flyball, 8LS)
Batting: LHB Gary Kern 0-0: Ball
1-0: Ball
2-0: Ball
3-0: Called Strike
3-1: Swinging Strike
3-2: Foul Ball, location: 2F
3-2: Foul Ball, location: 2F
3-2: Base on Balls
Brandon Cummings to second
Batting: RHB Robinson Pacheco 0-0: Ball
1-0: Fielders Choice at 2nd, 5-4 (Groundball, 5)
Bottom of the 3rd over - 0 run(s), 1 hit(s), 0 error(s), 1 left on base; Vancouver 0 - Mexico City 2
TOP OF THE 4TH
Vancouver Vipers batting - Pitching for Mexico City Cerveceros : RHP Josh Schmitt
Batting: RHB Quincy Vance 0-0: Ball
1-0: Foul Ball, location: 2F
1-1: Ball
2-1: SINGLE (Groundball, 56D)
Batting: LHB Brian Ford 0-0: Called Strike
0-1: Ball
1-1: Ball
2-1: Ball
3-1: Base on Balls
Quincy Vance to second
Batting: RHB Daniel Robert 0-0: Foul Ball, location: 2F
0-1: Ball
1-1: Foul Ball, location: 2F
1-2: Foul Ball, location: 2F
1-2: Strikes out swinging
Batting: LHB Nick English 0-0: SINGLE (Groundball, 4MD)
Quincy Vance to third
Brian Ford to second
Runner from 3rd tries for Home, SAFE, throw made home
Brian Ford to third
Nick English to second
Batting: LHB Katsumi Morishita 0-0: Ball
1-0: Ball
2-0: Fly out, F4 (Popup, 4D)
Batting: SHB Henry Copeland 0-0: Ball
1-0: DOUBLE (Flyball, 7LM)
Brian Ford scores
Nick English scores
Batting: RHB Ryan Parrish 0-0: Ball
1-0: Called Strike
1-1: Called Strike
1-2: Ball
2-2: Strikes out swinging
Top of the 4th over - 3 run(s), 3 hit(s), 0 error(s), 1 left on base; Vancouver 3 - Mexico City 2
BOTTOM OF THE 4TH
Mexico City Cerveceros batting - Pitching for Vancouver Vipers : RHP Don Barnes
Batting: RHB Collin Smith 0-0: Called Strike
0-1: Called Strike
0-2: Ball
1-2: Strikes out looking
Batting: RHB Claudio Souza 0-0: Ball
1-0: Fly out, F7 (Flyball, 78M)
Batting: LHB Don Soper 0-0: DOUBLE (Line Drive, 9LM)
Batting: SHB Scott Compton 0-0: Ground out 4-3 (Groundball, 4)
Bottom of the 4th over - 0 run(s), 1 hit(s), 0 error(s), 1 left on base; Vancouver 3 - Mexico City 2
TOP OF THE 5TH
Vancouver Vipers batting - Pitching for Mexico City Cerveceros : RHP Josh Schmitt
Batting: RHB Salvador Medine 0-0: Ball
1-0: Foul Ball, location: 2F
1-1: Ball
2-1: SINGLE (Flyball, 89S)
Batting: RHB Axel Guimont 0-0: Called Strike
0-1: Swinging Strike
0-2: Ball
1-2: Ball
2-2: Ball
3-2: Base on Balls
Salvador Medine to second
Batting: RHB Quincy Vance 0-0: Ball
Throwing error on steal attempt, E2
Salvador Medine scores
Axel Guimont to third
1-0: Foul Ball, location: 2F
1-1: Ball
2-1: Fly out, F9 (Flyball, 89S)
Runner from 3rd tags up, SCORES, no throw
Pitching: LHP Daniel Draper
Batting: LHB Brian Ford 0-0: Called Strike
0-1: Single, Error in OF, E9, batter to second base
Batting: RHB Daniel Robert 0-0: Called Strike
0-1: Ball
1-1: Ball
2-1: Foul Ball, location: 2F
2-2: 2-RUN HOME RUN (Flyball, 78XD), Distance : 395 ft
Batting: LHB Nick English 0-0: Ball
1-0: Ball
2-0: Foul Ball, location: 2F
2-1: Foul Ball, location: 2F
2-2: Strikes out looking
Batting: LHB Katsumi Morishita 0-0: Ball
1-0: Ground out 4-3 (Groundball, 34)
Top of the 5th over - 4 run(s), 3 hit(s), 2 error(s), 0 left on base; Vancouver 7 - Mexico City 2
BOTTOM OF THE 5TH
Mexico City Cerveceros batting - Pitching for Vancouver Vipers : RHP Don Barnes
Batting: RHB Murai Ishihara 0-0: Ball
1-0: Called Strike
1-1: Called Strike
1-2: Ball
2-2: SINGLE (Groundball, 6MD)
Batting: LHB John Nicholson 0-0: Ball
1-0: Foul Ball, location: 2F
1-1: Foul Ball, location: 2F
1-2: Ball
2-2: 2-RUN HOME RUN (Flyball, 9D), Distance : 344 ft
Batting: LHB Brandon Cummings 0-0: Swinging Strike
0-1: Ball
1-1: Ball
2-1: Ball
3-1: Foul Ball, location: 2F
3-2: Strikes out looking
Batting: LHB Gary Kern 0-0: Ball
1-0: Called Strike
1-1: Foul Ball, location: 2F
1-2: SINGLE (Groundball, 34D)
Batting: RHB Robinson Pacheco 0-0: Ball
1-0: Called Strike
1-1: Ball
2-1: Foul Ball, location: 2F
2-2: Ball
3-2: Foul Ball, location: 2F
3-2: Strikes out swinging
Batting: RHB Collin Smith 0-0: SINGLE (Flyball, 9LS)
Gary Kern to second
Runner from 2nd tries for 3rd, SAFE, throw made to third
Batting: RHB Claudio Souza 0-0: Fly out, F9 (Flyball, 9D)
Bottom of the 5th over - 2 run(s), 4 hit(s), 0 error(s), 2 left on base; Vancouver 7 - Mexico City 4
TOP OF THE 6TH
Vancouver Vipers batting - Pitching for Mexico City Cerveceros : LHP Daniel Draper
Pitching: RHP Gil Dickson
Batting: SHB Henry Copeland 0-0: Ball
1-0: Foul Ball, location: 2F
1-1: Called Strike
1-2: Foul Ball, location: 2F
1-2: Foul Ball, location: 2F
1-2: Ball
2-2: Ground out 4-3 (Groundball, 4)
Batting: RHB Ryan Parrish 0-0: Swinging Strike
0-1: Fly out, F7 (Flyball, 7S)
Batting: RHB Salvador Medine 0-0: Called Strike
0-1: Ball
1-1: Ball
2-1: SINGLE (Line Drive, 3)
Batting: RHB Axel Guimont 0-0: Ball
Wild Pitch!
Salvador Medine to second
1-0: Fly out, F9 (Flyball, 9LM)
Top of the 6th over - 0 run(s), 1 hit(s), 0 error(s), 1 left on base; Vancouver 7 - Mexico City 4
BOTTOM OF THE 6TH
Mexico City Cerveceros batting - Pitching for Vancouver Vipers : RHP Don Barnes
Pitching: LHP Cliff Williams
Batting: LHB Don Soper 0-0: Ground out U3 (Groundball, 3)
Batting: SHB Scott Compton 0-0: Ball
1-0: Ball
2-0: Ball
3-0: Called Strike
3-1: Base on Balls
Batting: RHB Murai Ishihara 0-0: Foul Ball, location: 2F
0-1: Called Strike
0-2: SINGLE (Line Drive, 78M)
Scott Compton to second
Batting: LHB John Nicholson 0-0: Called Strike
0-1: Ball
1-1: Fly out, F7 (Line Drive, 7S)
Batting: LHB Brandon Cummings 0-0: Ball
1-0: Foul Ball, location: 2F
1-1: Ball
2-1: Ball
3-1: Base on Balls
Scott Compton to third
Murai Ishihara to second
Batting: LHB Gary Kern 0-0: Swinging Strike
0-1: Swinging Strike
0-2: Ball
1-2: Strikes out swinging
Bottom of the 6th over - 0 run(s), 1 hit(s), 0 error(s), 3 left on base; Vancouver 7 - Mexico City 4
TOP OF THE 7TH
Vancouver Vipers batting - Pitching for Mexico City Cerveceros : RHP Gil Dickson
Batting: RHB Quincy Vance 0-0: Foul Ball, location: 2F
0-1: Ground out 5-3 (Groundball, 56)
Batting: LHB Brian Ford 0-0: Called Strike
0-1: Foul Ball, location: 2F
0-2: Ball
1-2: Foul Ball, location: 2F
1-2: Strikes out swinging, 2-3 out at first.
Batting: RHB Daniel Robert 0-0: Called Strike
0-1: Ground out 6-3 (Groundball, 6S)
Top of the 7th over - 0 run(s), 0 hit(s), 0 error(s), 0 left on base; Vancouver 7 - Mexico City 4
BOTTOM OF THE 7TH
Mexico City Cerveceros batting - Pitching for Vancouver Vipers : LHP Cliff Williams
Batting: RHB Robinson Pacheco 0-0: Called Strike
0-1: Ball
1-1: SINGLE (Groundball, 6MD)
Batting: RHB Collin Smith 0-0: Ball
1-0: Ball
2-0: Foul Ball, location: 2F
2-1: Called Strike
2-2: Grounds into double play, 6-4-3 (Groundball, 6)
Batting: RHB Claudio Souza 0-0: Foul Ball, location: 2F
0-1: Ball
1-1: Fly out, F8 (Flyball, 78S)
Bottom of the 7th over - 0 run(s), 1 hit(s), 0 error(s), 0 left on base; Vancouver 7 - Mexico City 4
TOP OF THE 8TH
Vancouver Vipers batting - Pitching for Mexico City Cerveceros : RHP Gil Dickson
Batting: LHB Nick English 0-0: Called Strike
0-1: Called Strike
0-2: Ball
1-2: Ball
2-2: Fly out, F7 (Line Drive, 7)
Batting: LHB Katsumi Morishita 0-0: Foul Ball, location: 2F
0-1: Swinging Strike
0-2: Ball
1-2: Ground out 4-3 (Groundball, 34)
Batting: SHB Henry Copeland 0-0: Ball
1-0: Swinging Strike
1-1: Fly out, F7 (Flyball, 7)
Top of the 8th over - 0 run(s), 0 hit(s), 0 error(s), 0 left on base; Vancouver 7 - Mexico City 4
BOTTOM OF THE 8TH
Mexico City Cerveceros batting - Pitching for Vancouver Vipers : LHP Cliff Williams
Batting: LHB Don Soper 0-0: Single, Error in OF, E7, batter to second base
Pitching: RHP Von Hicks
Batting: SHB Scott Compton 0-0: Foul Ball, location: 2F
0-1: Ball
1-1: Ball
2-1: Fly out, F3 (Popup, 3S)
Batting: RHB Murai Ishihara 0-0: Ground out 6-3 (Groundball, 6)
Batting: LHB John Nicholson 0-0: Ball
1-0: Called Strike
1-1: Ball
2-1: Fly out, F8 (Flyball, 8RM)
Bottom of the 8th over - 0 run(s), 1 hit(s), 1 error(s), 1 left on base; Vancouver 7 - Mexico City 4
TOP OF THE 9TH
Vancouver Vipers batting - Pitching for Mexico City Cerveceros : RHP Gil Dickson
Pitching: RHP Jesús Mendoza
Batting: RHB Ryan Parrish 0-0: Swinging Strike
0-1: Ball
1-1: Ball
2-1: Foul Ball, location: 2F
2-2: SINGLE (Flyball, 89M)
Batting: RHB Salvador Medine 0-0: Called Strike
0-1: Foul Ball, location: 2F
0-2: Ball
1-2: Ball
2-2: Ball
3-2: SINGLE (Groundball, 4D)
Ryan Parrish to second
Runner from 2nd tries for 3rd, SAFE, no throw
Batting: RHB Axel Guimont 0-0: Called Strike
0-1: Ball
1-1: Foul Ball, location: 2F
1-2: Ball
2-2: Strikes out swinging
Batting: RHB Quincy Vance 0-0: Called Strike
0-1: Ball
1-1: Called Strike
1-2: Fly out, F7 (Flyball, 78M)
Runner from 3rd tags up, SCORES, no throw
Batting: LHB Brian Ford 0-0: Called Strike
Salvador Medine steals 2nd base
0-1: Ball
1-1: Ball
2-1: Foul Ball, location: 2F
2-2: Ball
3-2: Base on Balls
Batting: RHB Daniel Robert 0-0: Ball
1-0: Foul Ball, location: 2F
1-1: Ball
2-1: Ball
3-1: Foul Ball, location: 2F
3-2: Strikes out swinging
Top of the 9th over - 1 run(s), 2 hit(s), 0 error(s), 2 left on base; Vancouver 8 - Mexico City 4
BOTTOM OF THE 9TH
Mexico City Cerveceros batting - Pitching for Vancouver Vipers : RHP Von Hicks
Pitching: RHP Augusto Herrera
Batting: LHB Brandon Cummings 0-0: Ball
1-0: Ball
2-0: Fly out, F8 (Flyball, 89M)
Batting: LHB Gary Kern 0-0: Ball
1-0: Foul Ball, location: 2F
1-1: Ball
2-1: Ball
3-1: Base on Balls
Batting: RHB Robinson Pacheco 0-0: Called Strike
0-1: Called Strike
0-2: Ball
1-2: Ball
2-2: Foul Ball, location: 2F
2-2: Ball
3-2: Base on Balls
Gary Kern to second
Batting: RHB Collin Smith 0-0: Ball
1-0: Foul Ball, location: 2F
1-1: Ball
2-1: SINGLE (Groundball, 34D)
Gary Kern to third
Robinson Pacheco to second
Runner from 3rd tries for Home, SAFE, throw made home
Robinson Pacheco to third
Collin Smith to second
Pinch Hitting: LHB Juan García 0-0: Ball
1-0: Swinging Strike
1-1: Foul Ball, location: 2F
1-2: Foul Ball, location: 2F
1-2: Ball
2-2: Ground out 3-1 (Groundball, 34S)
Robinson Pacheco scores
Collin Smith to third
Pitching: RHP Bob Martin
Batting: LHB Don Soper 0-0: Foul Ball, location: 2F
0-1: Ball
1-1: Ball
2-1: Called Strike
2-2: Ball
3-2: Strikes out looking
Bottom of the 9th over - 2 run(s), 1 hit(s), 0 error(s), 1 left on base; Vancouver 8 - Mexico City 6
Tuesday, August 8th, 2017 - OOTP Baseball 17.12 Build 75